 Dungeon Crawl Stone Soup version 0.27-a0-909-g0721f309d1 (webtiles) character file.

Game seed: 4805358238862066897

19 jasper the Charlatan (level 2, -4/23 HPs)
             Began as a Demonspawn Artificer on Apr 8, 2021.
             Slain by a centaur (7 damage)
             ... on level 4 of the Dungeon.
             The game lasted 00:01:42 (855 turns).

jasper the Charlatan (Demonspawn Artificer)          Turns: 855, Time: 00:01:43

Health: -4/23      AC:  3    Str: 12    XL:     2   Next: 55%
Magic:  2/2        EV: 11    Int: 12    God:
Gold:   20         SH:  0    Dex: 13    Spells: 1/1 levels left

rFire    . . .     SeeInvis .   h - +0 rapier
rCold    . . .     Faith    .   (no shield)
rNeg     . . .     Spirit   .   b - +0 leather armour
rPois    .         Reflect  .   (no helmet)
rElec    .         Harm     .   (no cloak)
rCorr    .         Rampage  .   (no gloves)
Will     .....                  (no boots)
Stlth    +.........             (no amulet)
HPRegen  0.07/turn              (no ring)
MPRegen  0.08/turn              (no ring)

@: attractive
A: ignite blood 1
a: no special abilities


You were on level 4 of the Dungeon.
You visited 1 branch of the dungeon, and saw 4 of its levels.

You collected 20 gold pieces.

Inventory:

Hand Weapons
 a - a +0 club
 h - a +0 rapier (weapon)
Missiles
 g - 25 arrows
Armour
 b - a +0 leather armour (worn)
Jewellery
 i - a ring of fire
Wands
 d - a wand of charming (12)
 e - a wand of random effects (15)
Scrolls
 f - 3 scrolls of identify {unknown}
 j - a scroll of fear {unknown}


   Skills:
 + Level 2.6 Fighting
 - Level 1.7 Armour
 - Level 0.8 Dodging
 - Level 0.8 Stealth
 - Level 3.0 Evocations


You had one spell level left.
You didn't know any spells.
Your spell library was empty.

Dungeon Overview and Level Annotations

Branches:
Dungeon (4/15)
 Temple: D:4-7

Altars:


Innate Abilities, Weirdness & Mutations

Your demonic aura sometimes causes spilled blood to erupt in flames


Message History

You kill the goblin!
Things that are here:
a +0 dagger; a goblin corpse
g - 25 arrows (gained 10) Key pressed, stopping explore.
Unknown command.
There is a stone staircase leading up here.
An adder and a quokka come into view.
There are monsters nearby!
Aiming: Charm
Press: ? - help, Shift-Dir - straight line, f - adder
Aim: an adder (asleep, chance to affect: 63%)
The adder hisses angrily.
The adder is charmed.
You hear a shout!
A centaur comes into view.
The centaur wields a +0 shortbow.
The centaur shoots an arrow.
The arrow hits you!
Ouch! That really hurt!
You take 16 damage, and have 7/23 hp.
MASSIVE DAMAGE!!
The centaur shoots an arrow.
The arrow barely misses you.
The centaur shoots an arrow.
The arrow closely misses you.
You hear a shout!
The centaur shoots an arrow.
The arrow barely misses your adder. The arrow hits you.
* * * LOW HITPOINT WARNING * * *
You take 5 damage, and have 3/23 hp.
MASSIVE DAMAGE!!
The quokka misses your adder.
A kobold comes into view. It is wielding a +0 short sword.
The kobold shouts!
The centaur unwields a +0 shortbow.
The centaur closely misses you.
The centaur kicks you but does no damage.
Your adder completely misses the centaur.
The quokka bites you but does no damage.
It was a potion of attraction.
You feel attractive to monsters.
Your adder bites the centaur.
The centaur closely misses you.
The centaur kicks you but does no damage.
The quokka closely misses you. The centaur hits you!
You die...

#.. .... ..##... ...#
...... #.##... .....
###...# #.##.#. #....
#.#...# #.#...( #.....
..#...## ##..)...
......####......###[....#.
...........# ##.........#.
...........# #............
........c@.# #............
....K...rS.###............
....#......<#..#..........
... #...##....##..........
#......###........###.....
# #.... #.....#...#......
.....##.....####.#.......
..... ##...## #..##......
... ##### #.........#


You could see a centaur (ally target), a quokka, a kobold and a friendly adder
(charmed).

Vanquished Creatures
  3 endoplasms (D:1)
  2 giant cockroaches
  A goblin (D:4)
  3 hobgoblins
  A ball python (D:1)
  4 bats
  A frilled lizard (D:3)
  A kobold (D:1)
  A rat (D:1)
17 creatures vanquished.

Vanquished Creatures (others)
  A goblin (D:1)
  A ball python (D:1)
2 creatures vanquished.

Grand Total: 19 creatures vanquished

Notes
Turn   | Place    | Note
-------+----------+-------------------------------------------
     0 | D:1      | jasper the Demonspawn Artificer began the quest for the
                  | Orb.
     0 | D:1      | Reached XP level 1. HP: 15/15 MP: 1/1
   141 | D:1      | Gained mutation: Your demonic aura sometimes causes spilled
                  | blood to erupt in flames [demonic ancestry]
   141 | D:1      | Reached XP level 2. HP: 22/22 MP: 2/2
   847 | D:4      | Noticed a centaur
   855 | D:4      | Slain by a centaur

Illustrated notes

Levels and vault maps discovered:
D:1:      lordsloth_arrival_two_stooges, layout_loops_ring, minivault_4
D:2:      layout_basic
D:3:      layout_basic, nicolae_overflow_crystal_walls, serial_bayou_lagoon_a
D:4:      layout_cave_pools, gammafunk_ghost_abyssal_escape,
          kennysheep_generic_room_16, uniq_purgy, uniq_eustachio, uniq_ijyb

Skill      XL: |  1 |
---------------+----+-----
Fighting       | 2 |  2.6
Armour         | |  1.7
Dodging        | |  0.8
Stealth        | |  0.8
Evocations     | |  3.0

Action                   || total
-------------------------++-------
Melee: Club              ||    19
       Rapier            ||     4
Evoke: Wand              ||    18
  Use: Potion            ||     1
Armor: Leather armour    ||    15
Dodge: Dodged            ||    22

Table legend: (Time is in decaauts)
 A = Elapsed time spent in this place.
 B = Non-inter-level travel time spent in this place.
 C = Inter-level travel time spent in this place.
 D = Time resting spent in this place.
 E = Time spent auto-exploring this place.
 F = Levels seen in this place.
 G = Mean time per level.
                   A        B        C        D        E       F      G
               +--------+--------+--------+--------+--------+-----+--------+
         Total |    862 |    848 |     14 |    385 |    268 |   4 |  215.5 |
       Dungeon |    862 |    848 |     14 |    385 |    268 |   4 |  215.5 |
               +--------+--------+--------+--------+--------+-----+--------+

Top non-repeatable levels by time:
     D:1: 582 daAuts
     D:3: 174 daAuts
     D:4: 81 daAuts
     D:2: 23 daAuts
